 Dungeon Crawl Stone Soup version 0.26-a0-1213-gd52f5182fe (webtiles) character file.

Game seed: 3088834438073524475

12189 vvl the Artisan of Death (level 11, -3/121 HPs)
             Began as a Demonspawn Hedge Wizard on Dec 30, 2020.
             Was a Priest of Kikubaaqudgha.
             Slain by a cyan ugly thing (15 damage)
             ... on level 12 of the Dungeon.
             The game lasted 01:14:45 (20756 turns).

vvl the Artisan of Death (Demonspawn Hedge Wizard) Turns: 20756, Time: 01:14:46

Health: -3/121     AC: 21    Str: 20    XL:     11   Next: 59%
Magic:  0/22       EV:  2    Int: 19    God:    Kikubaaqudgha [***...]
Gold:   485        SH:  5    Dex: 13    Spells: 17/25 levels left

rFire    . . .     SeeInvis .   J - +4 quarterstaff (chaos)
rCold    . . .     Faith    .   (shield currently unavailable)
rNeg     + + +     Spirit   +   (armour currently unavailable)
rPois    +         Reflect  +   (helmet currently unavailable)
rElec    .         Harm     .   (cloak currently unavailable)
rCorr    .         Rampage  .   (gloves currently unavailable)
Will     .....     NoTele   +   (boots currently unavailable)
Stlth    ++........             E - amulet of reflection
HPRegen  0.30/turn              F - +6 ring of strength
MPRegen  0.36/turn              C - ring "Nutolag" {+Fly rPois rN+ Str+4}

@: tree-form, corroded
A: demonic guardian 1, magic shield, magic regeneration, magic link
a: Renounce Religion, Receive Corpses


You were on level 12 of the Dungeon.
You worshipped Kikubaaqudgha.
Kikubaaqudgha was most pleased with you.
You were a tree.
You visited 2 branches of the dungeon, and saw 13 of its levels.

You collected 903 gold pieces.
You spent 418 gold pieces at shops.

Inventory:

Hand Weapons
 b - the +2 fustibalus "Feahusim" {flame, rPois rN+ Str+3 Dex-4}
   (You found it on level 12 of the Dungeon)

   It causes projectiles fired from it to burn those they strike, causing extra
   injury to most foes and up to half again as much damage against particularly
   susceptible opponents.
   It affects your strength (+3).
   It affects your dexterity (-4).
   It protects you from poison.
   It protects you from negative energy.
 w - a +0 falchion of freezing
 J - a +4 quarterstaff of chaos (weapon)
 V - a +2 dagger of protection
 X - a +0 scimitar of flaming
Missiles
 r - 6 javelins
Armour
 d - a +2 kite shield
 m - a +1 pair of boots (melded)
 K - a +0 cloak (melded)
 R - a +0 helmet (melded)
 Y - a +0 scale mail of willpower (melded)
 Z - a +0 pair of gloves (melded)
Jewellery
 C - the ring "Nutolag" (right branch) {+Fly rPois rN+ Str+4}
   (You found it on level 5 of the Dungeon)

   [ring of flight]

   It affects your strength (+4).
   It protects you from poison.
   It protects you from negative energy.
   It lets you fly.
 E - an amulet of reflection (around neck)
 F - a +6 ring of strength (left branch)
Wands
 h - a wand of random effects (23)
 q - a wand of iceblast (27)
 D - a wand of paralysis (3)
 L - a wand of flame (16)
 O - a wand of acid (8)
Scrolls
 a - 2 scrolls of blinking
 e - 2 scrolls of amnesia
 k - 4 scrolls of enchant armour
 n - 2 scrolls of fear
 p - 4 scrolls of enchant weapon
 u - 3 scrolls of teleportation
 x - 2 scrolls of immolation
 z - a scroll of remove curse
 B - 2 scrolls of magic mapping
 M - 2 scrolls of random uselessness
 N - a scroll of brand weapon
 P - a scroll of vulnerability
 Q - a scroll of holy word
 S - a scroll of summoning
Potions
 c - a potion of ambrosia
 f - a potion of experience {unknown}
 i - a potion of attraction
 j - 4 potions of lignification
 l - a potion of degeneration {unknown}
 o - 2 potions of magic
 s - 2 potions of mutation
 v - 3 potions of brilliance
 H - a potion of flight {unknown}
 W - a potion of haste {unknown}


   Skills:
 + Level 6.0 Fighting
 + Level 7.1 Armour
 - Level 4.1 Dodging
 - Level 1.7 Stealth
 * Level 2.3 Shields
 + Level 7.8 Spellcasting
 - Level 1.0 Conjurations
 - Level 1.0 Summonings
 * Level 11.9 Necromancy
 - Level 3.1 Translocations
 - Level 5.0 Evocations


You had 17 spell levels left.
You knew the following spells:

 Your Spells              Type           Power        Failure   Level
b - Blink                 Tloc           N/A          3%          2
c - Pain                  Necr           100%         1%          1
d - Sublimation of Blood  Necr           25%          1%          2
e - Vampiric Draining     Necr           25%          1%          3

Your spell library contained the following spells:

 Spells                   Type           Power        Failure   Level
 Animate Skeleton         Necr           100%         1%          1
 Apportation              Tloc           38%          2%          1
 Magic Dart               Conj           44%          6%          1
 Summon Small Mammal      Summ           44%          6%          1
 Corona                   Hex            7%           10%         1
 Sandblast                Erth           14%          10%         1
 Call Imp                 Summ           11%          10%         2
 Passwall                 Tmut/Erth      5%           14%         2
 Slow                     Hex            7%           14%         2
 Conjure Flame            Conj/Fire      9%           22%         3
 Stone Arrow              Conj/Erth      18%          22%         3
 Mephitic Cloud           Conj/Pois/Air  8%           24%         3
 Petrify                  Tmut/Erth      7%           67%         4
 Lee's Rapid Deconstruct  Erth           3%           95%         5


Dungeon Overview and Level Annotations

Branches:
Dungeon (12/15)            Temple (1/1) D:5            Lair (0/6) D:11
    Orc: D:9-12

Altars:
Ashenzari
Cheibriados
Dithmenos
Elyvilon
Fedhas
Gozag
Hepliaklqana
Kikubaaqudgha
Makhleb
Nemelex Xobeh
Okawaru
Qazlal
Ru
Sif Muna
Trog
Uskayaw
Vehumet
Wu Jian
Xom
Yredelemnul
Zin
The Shining One

Shops:
D:6 *   D:7 !

Annotations:
D:9 2 transporters


Innate Abilities, Weirdness & Mutations

((You have razor-sharp toenails.))
A weak demonic guardian rushes to your aid.
When hurt, damage is shared between your health and your magic reserves.
You regenerate magic rapidly.
When low on magic, you restore magic in place of health.
((You are partially covered in razor-sharp scales. (AC +1, Slay +1)))


Message History

Your shadow imp gestures at the cyan ugly thing.
Your shadow imp's attack snaps the cyan ugly thing out of its fear.
The cyan ugly thing resists with significant effort.
The cyan ugly thing kicks you.
* * * LOW HITPOINT WARNING * * *
The cyan ugly thing shocks you!
* * * LOW HITPOINT WARNING * * *
Your quasit closely misses the cyan ugly thing.
Your quasit claws the cyan ugly thing but does no damage. x2
You feel better.
Your shadow imp hits the cyan ugly thing.
Your quasit bites the cyan ugly thing.
Your quasit's attack snaps the cyan ugly thing out of its fear.
Your quasit closely misses the cyan ugly thing.
Your quasit claws the cyan ugly thing but does no damage.
The cyan ugly thing kicks you!
* * * LOW HITPOINT WARNING * * *
The cyan ugly thing shocks you!
You die...
Kikubaaqudgha rasps: "You have failed me!
Welcome... death!"

......$.........h..h.
$....................
...>.................
.....................
..........F..........
....................#
.......5.........#
.......♣u....>..#
........u5...#### ##.
......<#:......## ##...
..##...#........####...#
. ..........^....#....#
##..................###
#.#........†....##...#
#.....................
#.....................


You could see 2 ugly things, a bullfrog (fleeing), a friendly quasit (summoned,
corroded) and a friendly shadow imp (summoned).

Vanquished Creatures
  A boulder beetle (D:11)
  Nergalle (D:10)
  2 ugly things (D:11)
  The ghost of mojowtm the Shooter, a novice SpHu of Dithmenos (D:4)
  A yaktaur (shapeshifter) (D:8)
  A komodo dragon (D:11)
  5 trolls
  2 wyverns (D:11)
  A wraith (D:11)
  A vampire (D:10)
  2 basilisks (D:11)
  10 yaks
  Grum (D:10)
  A water moccasin (D:12)
  A swamp drake (D:11)
  2 ice beasts
  5 orc warriors
  A sky beast (D:8)
  An eye of draining (D:12)
  2 black bears
  A necrophage (D:10)
  2 wolves (D:10)
  5 centaurs
  An ogre (D:8)
  A big kobold (D:10)
  8 bullfrogs
  A gnoll sergeant (D:8)
  2 scorpions
  10 killer bees
  4 wights (D:6)
  2 howler monkeys
  A quasit (D:10)
  2 centaur zombies
  9 hounds
  2 jellies
  16 orc wizards
  Crazy Yiuf (D:6)
  8 orc priests
  A centaur skeleton (D:11)
  2 bullfrog skeletons
  5 iguanas
  6 worker ants
  A killer bee zombie (D:9)
  2 hound zombies (D:8)
  3 worker ant zombies
  Robin (D:4)
  8 gnolls
  18 adders
  3 shadow imps
  2 white imps
  6 ufetubi
  An adder zombie (D:9)
  2 adder skeletons
  2 worms
  2 dart slugs (D:1)
  6 leopard geckos
  45 orcs
  4 giant cockroaches
  15 goblins
  8 hobgoblins
  4 jackals (D:3)
  14 kobolds
  9 quokkas
  A ball python (D:11)
  7 bats
  5 frilled lizards
  A jackal skeleton (D:5)
  A quokka skeleton (D:6)
  5 rats
308 creatures vanquished.

Vanquished Creatures (collateral kills)
  A necrophage (D:10)
  2 wolves (D:10)
  A bullfrog (D:10)
  A hound (D:10)
  A centaur skeleton (D:12)
  2 orcs (D:10)
8 creatures vanquished.

Vanquished Creatures (others)
  A sky beast (D:6)
  An ogre (D:9)
  A big kobold (D:11)
  An orc wizard (D:6)
  A kobold (D:11)
5 creatures vanquished.

Grand Total: 321 creatures vanquished

Notes
Turn   | Place    | Note
-------+----------+-------------------------------------------
     0 | D:1      | vvl the Demonspawn Hedge Wizard began the quest for the
                  | Orb.
     0 | D:1      | Reached XP level 1. HP: 13/13 MP: 4/4
    34 | D:1      | Reached skill level 1 in Translocations
   358 | D:1      | Reached skill level 1 in Necromancy
   358 | D:1      | Gained mutation: When hurt, damage is shared between your
                  | health and your magic reserves. [demonic ancestry]
   358 | D:1      | Reached XP level 2. HP: 19/19 MP: 0/6
  1168 | D:1      | Gained mutation: You are partially covered in razor-sharp
                  | scales. (AC +1, Slay +1) [demonic ancestry]
  1168 | D:1      | Reached XP level 3. HP: 21/24 MP: 5/7
  1521 | D:2      | Reached skill level 1 in Armour
  1521 | D:2      | Reached skill level 2 in Necromancy
  2062 | D:2      | Reached XP level 4. HP: 30/30 MP: 9/9
  2993 | D:3      | Reached skill level 3 in Necromancy
  3261 | D:4      | Found a faded altar of an unknown god.
  3261 | D:4      | Found a faded altar of an unknown god.
  3266 | D:4      | Found a stormy altar of Qazlal.
  3268 | D:4      | Found a shimmering altar of Xom.
  3269 | D:4      | Found a glowing silver altar of Zin.
  3287 | D:4      | Gained mutation: You regenerate magic rapidly. [demonic
                  | ancestry]
  3287 | D:4      | Reached XP level 5. HP: 31/35 MP: 8/10
  3796 | D:4      | Reached skill level 4 in Necromancy
  3796 | D:4      | Gained mutation: You have sharp toenails. [demonic
                  | ancestry]
  3796 | D:4      | Reached XP level 6. HP: 25/41 MP: 7/11
  4304 | D:4      | Found a runed translucent door.
  4305 | D:4      | Noticed mojowtm's ghost (novice SpHu)
  4381 | D:4      | Killed mojowtm's ghost
  4382 | D:4      | Reached skill level 5 in Necromancy
  4382 | D:4      | Gained mutation: When low on magic, you restore magic in
                  | place of health. [demonic ancestry]
  4382 | D:4      | Reached XP level 7. HP: 22/46 MP: 3/13
  4865 | D:4      | Noticed Robin
  4935 | D:4      | Killed Robin
  5005 | D:5      | Entered Level 5 of the Dungeon
  5122 | D:5      | Learned a level 2 spell: Blink
  5459 | D:5      | Got a serpentine marble ring
  6412 | D:5      | Found a staircase to the Ecumenical Temple.
  6418 | Temple   | Entered the Ecumenical Temple
  7034 | D:6      | Reached skill level 6 in Necromancy
  7314 | D:6      | Found a basalt altar of Yredelemnul.
  7314 | D:6      | Found a burning altar of Makhleb.
  7663 | D:6      | Reached XP level 8. HP: 52/52 MP: 13/15
  8011 | D:6      | Reached skill level 5 in Spellcasting
  8126 | D:6      | Found Haqecin's Assorted Antiques.
  8129 | D:6      | Bought a pearl ring for 75 gold pieces
  8129 | D:6      | Bought 2 potions of heal wounds for 150 gold pieces
  8129 | D:6      | Bought a cyan potion for 13 gold pieces
  8129 | D:6      | Bought a shiny ring mail for 105 gold pieces
  8129 | D:6      | Bought a scroll labelled XETOABL JYRE for 15 gold pieces
  8129 | D:6      | Bought a scroll labelled TIHAIN ALOSHIWK for 15 gold pieces
  8146 | D:6      | Identified the ring "Nutolag" {+Fly rPois rN+ Str+4} (You
                  | found it on level 5 of the Dungeon)
  8361 | D:6      | Reached skill level 7 in Necromancy
  8725 | D:6      | Found a runed translucent door.
  8726 | D:6      | Noticed Crazy Yiuf
  8768 | D:6      | Killed Crazy Yiuf
  9653 | D:7      | Reached skill level 1 in Fighting
  9816 | D:7      | Found Vun Ufae's Distillery.
  9822 | D:7      | Bought a potion of lignification for 45 gold pieces
 10034 | D:7      | Reached skill level 1 in Evocations
 10245 | D:8      | Reached skill level 8 in Necromancy
 10290 | D:8      | Reached XP level 9. HP: 51/61 MP: 17/17
 10881 | D:8      | Reached skill level 5 in Armour
 10886 | D:8      | Noticed Erica
 10894 | D:8      | Noticed Erica
 10894 | D:8      | Erica the shapeshifter changed into Erica the yaktaur
 10903 | D:8      | Killed Erica the yaktaur
 10904 | D:8      | Reached skill level 9 in Necromancy
 11701 | D:9      | Noticed a troll
 11766 | D:9      | Killed a troll
 12141 | D:9      | Noticed a centaur warrior
 12141 | D:9      | Noticed a white ugly thing
 12142 | D:9      | Noticed a four-headed hydra
 12142 | D:9      | Noticed a centaur warrior
 12143 | D:9      | Found a transporter.
 12143 | D:9      | Noticed a deep troll earth mage
 12143 | D:9      | Noticed a frost giant
 12262 | D:9      | Found a transporter.
 12287 | D:9      | Found a radiant altar of Vehumet.
 12299 | D:9      | Found an ancient bone altar of Kikubaaqudgha.
 12313 | D:9      | Found a shimmering blue altar of Sif Muna.
 12327 | D:9      | Became a worshipper of Kikubaaqudgha
 12396 | D:9      | Noticed a troll
 12403 | D:9      | Killed a troll
 12634 | D:8      | Gained mutation: A weak demonic guardian rushes to your
                  | aid. [demonic ancestry]
 12634 | D:8      | Reached XP level 10. HP: 38/71 MP: 12/19
 13033 | D:10     | Entered Level 10 of the Dungeon
 13200 | D:10     | Reached skill level 10 in Necromancy
 13406 | D:10     | Reached * piety under Kikubaaqudgha
 13406 | D:10     | Identified Kikubaaqudgha's Almanac of Stolen Souls
                  | (Kikubaaqudgha gifted it to you on level 10 of the Dungeon)
 13406 | D:10     | Received a gift from Kikubaaqudgha
 13570 | D:10     | Noticed Nergalle
 13595 | D:10     | Killed Nergalle
 14227 | D:10     | Noticed Grum
 14931 | D:9      | Learned a level 1 spell: Pain
 14934 | D:9      | Learned a level 2 spell: Sublimation of Blood
 14938 | D:9      | Learned a level 3 spell: Vampiric Draining
 15358 | D:10     | Killed Grum
 16543 | D:10     | Reached skill level 5 in Fighting
 16543 | D:10     | Reached skill level 5 in Evocations
 16549 | D:10     | Reached skill level 11 in Necromancy
 17814 | D:11     | Noticed a boulder beetle
 17821 | D:11     | Noticed a green ugly thing
 17842 | D:11     | Killed a green ugly thing
 17843 | D:11     | Gained mutation: You have razor-sharp toenails. [demonic
                  | ancestry]
 17843 | D:11     | Reached XP level 11. HP: 52/79 MP: 16/21
 17863 | D:11     | Killed a boulder beetle
 18212 | D:11     | Reached ** piety under Kikubaaqudgha
 19120 | D:11     | Reached skill level 1 in Shields
 19459 | D:11     | Noticed a red ugly thing
 19465 | D:11     | Killed a red ugly thing
 20029 | D:11     | Found a staircase to the Lair.
 20171 | D:12     | Got a slimy fustibalus
 20172 | D:12     | Identified the cursed +2 fustibalus "Feahusim" {flame,
                  | rPois rN+ Str+3 Dex-4} (You found it on level 12 of the
                  | Dungeon)
 20734 | D:12     | Noticed a brown ugly thing
 20734 | D:12     | Noticed a purple ugly thing
 20741 | D:12     | Reached *** piety under Kikubaaqudgha
 20741 | D:12     | Identified Kikubaaqudgha's Catalogue of Evil Rites
                  | (Kikubaaqudgha gifted it to you on level 12 of the Dungeon)
 20741 | D:12     | Received a gift from Kikubaaqudgha
 20756 | D:12     | Slain by a cyan ugly thing

Illustrated notes

Levels and vault maps discovered:
D:1:      dpeg_arrival_tiny_c, layout_basic
D:2:      layout_basic, serial_corexii_hall, chequers_hall_statues_y,
          corexii_hall_statues_x
D:3:      layout_rooms
D:4:      layout_basic, chequers_temple_overflow_minitemple,
          gammafunk_ghost_grave, uniq_robin
D:5:      layout_loops_corners, minmay_temple_entry_fiery,
          kennysheep_generic_room_12
D:6:      layout_basic, chequers_temple_overflow_statue_of_worship,
          serial_shops, kennysheep_mini_moat, grunt_ministairs_6,
          uniq_crazy_yiuf_cottage
D:7:      layout_basic, serial_shops, nicolae_shop_statue_plus,
          chequers_arboretum
D:8:      minmay_the_grid_square_5x5_3x3
          [minmay_the_grid_square_5x5_checkered_sparse,
          minmay_the_grid_square_5x5_dogpile,
          minmay_the_grid_square_5x5_spiral_small,
          minmay_the_grid_square_5x5_inner_z,
          minmay_the_grid_square_5x5_megaprize_hollow,
          minmay_the_grid_square_5x5_empty, minmay_the_grid_square_5x5_bridge,
          minmay_the_grid_square_5x5_mess, minmay_the_grid_square_5x5_percent],
          layout_basic, uniq_erica
D:9:      gammafunk_sealed_arena, layout_cave_pools,
          palyth_temple_overflow_mages, grunt_ministairs_8,
          kennysheep_kite_vault
D:10:     layout_irregular_city, st_stairs_2, kennysheep_generic_room_4,
          uniq_nergalle, uniq_grum
D:11:     layout_loops_ring, erik_lair_dragon
D:12:     layout_cave_pools, david_orc_2, uniq_kirke
Temple:   minmay_temple_curvy_branch

Skill      XL: |  1  2  3  4  5  6  7  8  9 10 11 |
---------------+----------------------------------+-----
Translocations | 1 2 3 |  3.1
Necromancy     | 1 2 3 4 5 6 8 9 11 | 11.9
Armour         | 1 2 3 4 5 6 7 |  7.1
Spellcasting   | 4 5 6 7 |  7.8
Fighting       | 2 3 5 6 |  6.0
Evocations     | 2 3 5 |  5.0
Dodging        | 3 4 |  4.1
Shields        | 2 |  2.3
Stealth        | |  1.7
Conjurations   | |  1.0
Summonings     | |  1.0

Action                   |  1- 3 |  4- 6 |  7- 9 | 10-12 || total
-------------------------+-------+-------+-------+-------++-------
Melee: Dagger            |   170 |   407 |   350 |       ||   927
       Falchion          |       |       |    95 |       ||    95
       Quarterstaff      |       |       |   263 |   454 ||   717
       Great sword       |       |       |    19 |       ||    19
 Cast: Magic Dart        |    41 |     2 |     4 |       ||    47
       Blink             |       |       |     1 |       ||     1
       Pain              |       |       |       |    19 ||    19
       Vampiric Draining |       |       |       |    28 ||    28
Evoke: Wand              |       |       |     3 |     6 ||     9
  Use: Potion            |       |     3 |     1 |     8 ||    12
       Scroll            |       |       |    16 |    10 ||    26
 Stab: Sleeping          |       |       |     1 |       ||     1
       Paralysed         |       |       |     1 |     2 ||     3
       Petrifying        |       |       |       |     1 ||     1
Armor: Ring mail         |    84 |   238 |   434 |   248 ||  1004
       Scale mail        |       |       |       |   101 ||   101
       Skin              |       |       |       |     3 ||     3
Dodge: Dodged            |   102 |   207 |   486 |   413 ||  1208
Block: Other             |       |       |       |    39 ||    39
       Rpst.: Falchion   |       |       |    21 |       ||    21
       Great sword       |       |       |     5 |       ||     5

Table legend: (Time is in decaauts)
 A = Elapsed time spent in this place.
 B = Non-inter-level travel time spent in this place.
 C = Inter-level travel time spent in this place.
 D = Time resting spent in this place.
 E = Time spent auto-exploring this place.
 F = Levels seen in this place.
 G = Mean time per level.
                   A        B        C        D        E       F      G
               +--------+--------+--------+--------+--------+-----+--------+
         Total |  21009 |  19609 |   1400 |   6212 |   9909 |  13 | 1616.1 |
       Dungeon |  20655 |  19358 |   1297 |   6212 |   9686 |  12 | 1721.2 |
        Temple |    354 |    251 |    103 |      0 |    223 |   1 |  354.0 |
               +--------+--------+--------+--------+--------+-----+--------+

Top non-repeatable levels by time:
    D:10: 3336 daAuts
     D:9: 2563 daAuts
    D:11: 2417 daAuts
     D:6: 2331 daAuts
     D:5: 2048 daAuts
     D:4: 1796 daAuts
     D:8: 1436 daAuts
     D:1: 1384 daAuts
     D:2: 1129 daAuts
     D:7: 917 daAuts
     D:3: 692 daAuts
    D:12: 601 daAuts
  Temple: 354 daAuts
